 Dungeon Crawl Stone Soup version 0.28-a0-1429-gf3d713df7a (webtiles) character file.

Game seed: 10053638175017618751

27 tatocazan the Skirmisher (level 2, -2/24 HPs)
             Began as a Demonspawn Fighter on Jan 8, 2022.
             Slain by a phantom (8 damage)
             ... on level 2 of the Dungeon.
             The game lasted 00:00:47 (1055 turns).

tatocazan the Skirmisher (Demonspawn Fighter)       Turns: 1055, Time: 00:00:47

Health: -2/24      AC:  6    Str: 16    XL:     2   Next: 93%
Magic:  2/2        EV:  8    Int:  9    God:
Gold:   67         SH:  4    Dex: 12    Spells: 1/1 levels left

rFire   . . .      SeeInvis .   a - +0 war axe
rCold   . . .      Faith    .   c - +0 buckler
rNeg    . . .      Spirit   .   b - +0 scale mail
rPois   .          Reflect  .   (no helmet)
rElec   .          Harm     .   (no cloak)
rCorr   .          Rampage  .   (no gloves)
Will    .....                   (no boots)
Stlth   ..........              (no amulet)
HPRegen 0.08/turn               (no ring)
MPRegen 0.08/turn               (no ring)

@: about to teleport
A: demonic touch 1
a: no special abilities


You were on level 2 of the Dungeon.
You visited 1 branch of the dungeon, and saw 2 of its levels.

You collected 67 gold pieces.

Inventory:

Hand Weapons
 a - a +0 war axe (weapon)
Armour
 b - a +0 scale mail (worn)
 c - a +0 buckler (worn)
Scrolls
 e - a scroll of magic mapping {unknown}
 f - a scroll of teleportation
 g - a scroll of identify {unknown}
 h - a scroll of vulnerability {unknown}
Potions
 d - a potion of might


   Skills:
 + Level 3.3 Fighting
 + Level 2.1 Axes
 + Level 3.0 Armour
 + Level 3.0 Shields


You had one spell level left.
You didn't know any spells.
Your spell library was empty.

Dungeon Overview and Level Annotations

Branches:
Dungeon (2/15)

Altars:


Innate Abilities, Weirdness & Mutations

Your touch may inflict minor irresistible damage on your foes.


Message History

You kill the endoplasm!
No target in view!
No target in view!
No target in view!
No target in view!
No target in view!
No target in view!
No target in view!
No target in view!
No target in view!
No target in view!
No target in view!
A phantom comes into view.
Health restored: 24 A phantom is nearby!
A phantom is nearby!
A phantom is nearby!
The phantom hits you.
The phantom blinks!
You blink.
You take 3 damage, and have 21/24 hp.
You closely miss the phantom. You block the phantom's attack.
You miss the phantom. The phantom hits you. The phantom completely misses you.
You take 2 damage, and have 19/24 hp.
You barely miss the phantom.
The phantom hits you but does no damage.
You miss the phantom. The phantom hits you. You block the phantom's attack.
You take 3 damage, and have 16/24 hp.
You miss the phantom. The phantom completely misses you.
You hit the phantom but do no damage. The phantom hits you.
The phantom blinks!
You blink.
You take 3 damage, and have 14/24 hp.
You are too injured to fight recklessly!
You barely miss the phantom. The phantom hits you.
The phantom blinks!
You blink.
The phantom hits you.
* * * LOW HITPOINT WARNING * * *
The phantom blinks!
You blink.
You take 8 damage, and have 6/24 hp.
MASSIVE DAMAGE!!
As you read the scroll labelled TUSOMI MIEBE, it crumbles to dust.
You feel strangely unstable.
It was a scroll of teleportation.
The phantom hits you!
You die...

#.........# ##.....##
#.###.###.# ##...## #.#
#.###.# ##'## #.# #..##.#
#.# #.# ##.##.# ##.#######
#.####.##§# #........#
#.§.......#######...####.#
######.##....§..†....# #.#
#...W@#######....# #.#
##$#### #..#.###.# ###
#......... ##.####### #.#
#.# #.# #.#


You could see a phantom.

Vanquished Creatures
  A worm (D:2)
  3 bats
  4 endoplasms
  2 goblins (D:1)
  4 hobgoblins (D:1)
  A kobold (D:1)
  A quokka (D:1)
  A frilled lizard (D:2)
  4 rats
21 creatures vanquished.

Notes
Turn   | Place    | Note
-------+----------+-------------------------------------------
     0 | D:1      | tatocazan the Demonspawn Fighter began the quest for the
                  | Orb.
     0 | D:1      | Reached XP level 1. HP: 18/18 MP: 1/1
   340 | D:1      | Gained mutation: Your touch may inflict minor irresistible
                  | damage on your foes. [demonic ancestry]
   340 | D:1      | Reached XP level 2. HP: 23/24 MP: 2/2
   387 | D:1      | Found a faded altar of an unknown god.
  1046 | D:2      | Noticed a phantom
  1055 | D:2      | Slain by a phantom

Illustrated notes

Levels and vault maps discovered:
D:1:      sevenhm_arrival_forest_fort_large_4, layout_rooms,
          hellmonk_ecumenical_altar_arch_garden
D:2:      layout_loops_corners

Skill      XL: |  1  2 |
---------------+-------+-----
Axes           | 2 |  2.1
Shields        | 3 |  3.0
Armour         | 3 |  3.0
Fighting       | |  3.3

Action                   || total
-------------------------++-------
Melee: War axe           ||    54
  Use: Scroll            ||     1
Armor: Scale mail        ||    17
Dodge: Dodged            ||    16
Block: Buckler           ||    18

Table legend: (Time is in decaauts)
 A = Elapsed time spent in this place.
 B = Non-inter-level travel time spent in this place.
 C = Inter-level travel time spent in this place.
 D = Time resting spent in this place.
 E = Time spent auto-exploring this place.
 F = Levels seen in this place.
 G = Mean time per level.
                   A        B        C        D        E       F      G
               +--------+--------+--------+--------+--------+-----+--------+
         Total |   1078 |   1052 |     26 |      0 |    894 |   2 |  539.0 |
       Dungeon |   1078 |   1052 |     26 |      0 |    894 |   2 |  539.0 |
               +--------+--------+--------+--------+--------+-----+--------+

Top non-repeatable levels by time:
     D:1: 807 daAuts
     D:2: 271 daAuts
